 Dungeon Crawl Stone Soup version 0.20.1-1-g8b1a95d (webtiles) character file.

58 slep the Skirmisher (level 3, -1/34 HPs)
             Began as a Minotaur Abyssal Knight on Oct 28, 2017.
             Was a Follower of Lugonu.
             Slain by a worm (6 damage)
             ... on level 2 of the Dungeon.
             The game lasted 00:04:48 (1469 turns).

slep the Skirmisher (Minotaur Abyssal Knight)       Turns: 1469, Time: 00:04:48

Health: -1/34      AC:  3    Str: 16    XL:     3   Next: 76%
Magic:  3/3        EV: 12    Int:  9    God:    Lugonu [*.....]
Gold:   106        SH:  0    Dex: 10    Spells: 2/2 levels left

rFire    . . .     SeeInvis .   a - +1 falchion
rCold    . . .     Gourm    .   (no shield)
rNeg     . . .     Faith    .   b - +0 leather armour
rPois    .         Spirit   .   (helmet restricted)
rElec    .         Reflect  .   (no cloak)
rCorr    .         Harm     .   (no gloves)
MR       .....                  (no boots)
Stlth    +.........             (no amulet)
Regen    0.2/turn               e - ring of flight
MPRegen  0.1/turn               (no ring)

@: no status effects
A: retaliatory headbutt, horns 2
a: Depart the Abyss, Renounce Religion, Evoke Flight


You were on level 2 of the Dungeon.
You worshipped Lugonu.
Lugonu was aware of your devotion.
You were not hungry.

You visited 1 branch of the dungeon, and saw 2 of its levels.
You visited the Abyss 1 time.

You collected 106 gold pieces.

Inventory:

Hand Weapons
 a - a +1 falchion (weapon)
Armour
 b - a +0 leather armour (worn)
Jewellery
 e - a ring of flight (left hand)
Wands
 j - a wand of iceblast (9/15)
Scrolls
 g - a scroll of identify {unknown}
 k - a scroll of remove curse {unknown}
 l - a scroll of recharging {unknown}
Potions
 d - a potion of might {unknown}
 f - 2 potions of lignification {unknown}
 i - a potion of haste {unknown}
Comestibles
 c - 3 bread rations
 h - 3 meat rations
 m - 2 chunks of flesh


   Skills:
 + Level 4.4 Fighting
 + Level 3.2 Long Blades
 + Level 3.0 Armour
 + Level 1.9 Dodging
 + Level 0.1 Stealth
 + Level 1.8 Invocations


You had 2 spell levels left.
You didn't know any spells.

Dungeon Overview and Level Annotations

Branches:
Dungeon (2/15)

Altars:
Cheibriados
Xom
The Shining One


Innate Abilities, Weirdness & Mutations

You reflexively headbutt those who attack you in melee.
You have a pair of horns on your head.


Message History

You hit the worm.
The worm is lightly wounded.
The adder barely misses you.
You barely miss the adder.
The adder is almost dead.
The adder barely misses you.
You riposte.
You completely miss the adder.
The adder is almost dead.
The worm bites you.
* * * LOW HITPOINT WARNING * * *
You barely miss the adder. You headbutt the adder.
You kill the adder!
Lugonu accepts your kill. The worm bites you.
* * * LOW HITPOINT WARNING * * *
You hit the worm.
The worm is moderately wounded.
You completely miss the worm.
The worm is moderately wounded.
The worm bites you.
You die...

#.........#
#.........#
#.........###
#...........
#.........#
###.........#
######...........#
...............).##.##
####...##.......@w...#
##...........###†##..#
.......##.#.## #.# #
#..##..##.#.# #.#
#..##..##.#.. .)#
#..##.[##.#### ..#
.......# ..# #..###.#
#..# #..# .#


You could see a worm.

Vanquished Creatures
  An adder (D:2)
  A worm (D:2)
  2 dart slugs
  2 leopard geckos
  5 hobgoblins
  7 jackals (D:1)
  A ball python (D:1)
  5 bats
  4 frilled lizards
  7 goblins
  A kobold (D:2)
  4 rats (D:2)
40 creatures vanquished.

Notes
Turn   | Place    | Note
-------+----------+-------------------------------------------
     0 | Abyss:1  | slep the Minotaur Abyssal Knight began the quest for the Orb.
     0 | Abyss:1  | Reached XP level 1. HP: 19/19 MP: 1/1
    37 | Abyss:1  | Noticed a large abomination
    43 | D:1      | Escaped the Abyss
   351 | D:1      | Reached XP level 2. HP: 21/27 MP: 2/2
   459 | D:1      | Reached skill level 4 in Fighting
   614 | D:1      | Reached * piety under Lugonu
  1068 | D:2      | Reached XP level 3. HP: 33/33 MP: 3/3
  1156 | D:2      | Found a snail-covered altar of Cheibriados.
  1277 | D:2      | Found a shimmering altar of Xom.
  1380 | D:2      | Found a glowing golden altar of the Shining One.
  1469 | D:2      | Slain by a worm

Skill      XL: |  1  2  3 |
---------------+----------+-----
Fighting       | 4 |  4.4
Armour         | 3 |  3.0
Long Blades    | 3 |  3.2
Dodging        | |  1.9
Stealth        | |  0.1
Invocations    | |  1.8

Action                   || total
-------------------------++-------
Melee: Falchion          ||    95
       Headbutt          ||    14
Invok: Depart the Abyss  ||     1
  Eat: Chunk             ||     2
Armor: Leather armour    ||    21
Dodge: Dodged            ||    47
       Rpst.: Falchion   ||    12
